 Dungeon Crawl Stone Soup version 0.32-a0-699-g1ee5eff69a (webtiles) character file.

Game seed: 3074562062932778446

1517 hecktor the Carver (level 9, -5/60 (69) HPs)
             Began as a Formicid Monk on Mar 13, 2024.
             Slain by a wight
             ... wielding a +4 hand axe of freezing
              (6 damage)
             ... on level 6 of the Dungeon.
             The game lasted 00:11:20 (6091 turns).

hecktor the Carver (Formicid Monk)                  Turns: 6091, Time: 00:11:20

HP:   -5/60 (69)    AC:  5    Str: 16    XL:     9   Next: 9%
MP:   9/9           EV: 14    Int: 10    God:
Gold: 449           SH:  0    Dex: 20    Spells: 8/8 levels left

rFire   . . .        a - +0 falchion
rCold   . . .        d - orb {light}
rNeg    . . .        m - +1 leather armour "Fifa" {Will++}
rPois   .            (helmet unavailable)
rElec   .            (no cloak)
rCorr   .            i - +0 pair of gloves
SInv    +            (no boots)
Will    ++...        (no amulet)
Stlth   +            (no ring)
HPRegen 0.30/turn    (no ring)
MPRegen 0.11/turn

%: no passive effects
@: mighty, glowing, heavily drained
A: permanent stasis, dig shafts and tunnels, antennae 3, four strong arms
a: Dig, Shaft Self


You were on level 6 of the Dungeon.
You visited 1 branch of the dungeon, and saw 6 of its levels.

You collected 449 gold pieces.

Inventory:

Hand Weapons
 a - a +0 falchion (weapon)
Missiles
 e - 17 stones (quivered)
 h - 16 poisoned darts
 t - 6 boomerangs
Armour
 b - a +0 robe
 d - an orb of light (worn)
 i - a +0 pair of gloves (worn)
 m - the +1 leather armour "Fifa" (worn) {Will++}
   (You found it on level 2 of the Dungeon)

   Will++:    It greatly increases your willpower.
Jewellery
 z - a +5 ring of evasion
 C - a +6 ring of intelligence
Wands
 y - a wand of iceblast (11)
 A - a wand of polymorph (3)
 B - a wand of flame (24)
Scrolls
 c - 3 scrolls of teleportation {unknown}
 f - 2 scrolls of acquirement {unknown}
 j - a scroll of silence {unknown}
 l - a scroll of blinking {unknown}
 n - 5 scrolls of identify {unknown}
 o - a scroll of amnesia {unknown}
 q - a scroll of fog {unknown}
 s - a scroll of summoning {unknown}
 v - a scroll of immolation {unknown}
 w - a scroll of revelation {unknown}
 x - a scroll of poison {unknown}
Potions
 g - a potion of resistance {unknown}
 k - 2 potions of might
 p - a potion of brilliance {unknown}
 r - a potion of mutation {unknown}


   Skills:
 - Level 6.0 Fighting
 * Level 8.7 Long Blades
 + Level 5.5 Dodging


You had 8 spell levels left.
You didn't know any spells.
Your spell library contained the following spells:

 Spells                   Type           Power      Damage    Failure   Level
 Magic Dart               Conj           0%         1d3       43%         1
 Slow                     Hex            0%         N/A       43%         1
 Summon Small Mammal      Summ           0%         N/A       43%         1
 Call Imp                 Summ           0%         N/A       56%         2
 Call Canine Familiar     Summ           0%         N/A       80%         3
 Confusing Touch          Hex            0%         N/A       80%         3
 Vampiric Draining        Necr           0%         2d6       80%         3
 Summon Blazeheart Golem  Fire/Summ      0%         N/A       99%         4
 Blink                    Tloc           Unusable   N/A       N/A         2

Dungeon Overview and Level Annotations

Branches:
Dungeon (6/15)
 Temple: D:4-7

Altars:
Elyvilon
Gozag
Kikubaaqudgha
Qazlal
Ru
Wu Jian
Yredelemnul
The Shining One


Innate Abilities, Weirdness & Mutations

You cannot be hasted, slowed, berserked, paralysed or teleported.
You can dig through walls and to a lower floor.
You have a pair of large antennae on your head. (SInv)
Your four strong arms can wield two-handed weapons with a shield.


Message History

* * * LOW HITPOINT WARNING * * *
You feel much better. The wight hits you but does no damage.
You hit the wight but do no damage. The wight hits you with a +2 hand axe.
You feel drained.
The wight hits you with a +4 hand axe of freezing.
The wight freezes you.
You hit the wight.
The wight is moderately damaged.
The wight hits you with a +2 hand axe.
You feel drained.
The wight hits you with a +4 hand axe of freezing!
You feel drained. The wight freezes you.
You hit the wight.
The wight is severely damaged.
The wight hits you with a +2 hand axe.
* * * LOW HITPOINT WARNING * * *
You feel drained.
* * * LOW HITPOINT WARNING * * *
Okay, then.
Okay, then.
Aiming: Polymorph
Press: ? - help, Shift-Dir - straight line, f - wight
Aim: a wight, wielding a +4 hand axe of freezing and wearing a +0 robe (haloed, not susceptible)
Okay, then.
Okay, then.
You are illuminated by a small divine halo.
You are glowing.
Your life force is heavily drained.
Your movement speed is average.
Your attack delay is about 0.8.
Your damage rating with your +0 falchion is about 12 (Base 8 x 125% (Dex) x 128% (Skill)).
Okay, then.
It was a potion of might.
You feel very mighty all of a sudden.
The wight hits you with a +4 hand axe of freezing.
* * * LOW HITPOINT WARNING * * *
The wight freezes you.
* * * LOW HITPOINT WARNING * * *
The wight hits you with a +2 hand axe!
* * * LOW HITPOINT WARNING * * *
The wight attacks as it pursues you!
The wight hits you with a +4 hand axe of freezing.
You die...

..#...#...#...#≈####
+..#.#.#.#.#.#.#.#..'.##
+...#.#.#.#.#.#.#...'...
+..#.#.#.#.#.#.#.#..'...
#§#...#...#...#...#≈##..
#≈§#.#.#.#.#.#.#.#§≈#<..
#§≈#...#.#.#...#§≈##...
#≈≈#.#.#.#.#.#≈§##....
#§≈#@z.#...#≈≈#####..
##≈≈#.#.#.#≈§## ..#
##≈≈#z..#§§## .##
##§≈...§§## #
#####'''### #..)....#
#.......#### ##.......
#.......#


You could see 2 wights.

Vanquished Creatures
  Grinder (D:3)
  Sigmund (D:3)
  An ice beast (D:6)
  A kobold brigand (D:4)
  2 bullfrogs (D:6)
  A scorpion (D:6)
  A wight (D:6)
  2 howler monkeys (D:5)
  2 hounds
  2 orc priests
  A bombardier beetle (D:5)
  2 gnoll boudas (D:5)
  A sleepcap (D:6)
  4 iguanas
  An orc wizard (D:3)
  6 adders
  16 gnolls
  A shadow imp (D:6)
  A white imp (D:6)
  4 dart slugs
  5 orcs
  7 ball pythons
  8 endoplasms
  A giant cockroach (D:1)
  9 goblins
  10 hobgoblins
  5 jackals (D:1)
  3 quokkas
  7 bats
  4 frilled lizards
  6 kobolds
  6 rats
122 creatures vanquished.

Notes
Turn   | Place    | Note
-------+----------+-------------------------------------------
     0 | D:1      | hecktor the Formicid Monk began the quest for the Orb.
     0 | D:1      | Reached XP level 1. HP: 18/18 MP: 1/1
   158 | D:1      | Reached XP level 2. HP: 24/24 MP: 2/2
   326 | D:1      | Reached skill level 4 in Long Blades
   326 | D:1      | Reached XP level 3. HP: 11/29 MP: 3/3
  1108 | D:2      | Reached XP level 4. HP: 35/35 MP: 4/4
  1390 | D:2      | Identified the +1 leather armour "Fifa" {Will++}
  1885 | D:3      | Noticed Grinder
  1910 | D:3      | Killed Grinder
  1911 | D:3      | Reached skill level 5 in Long Blades
  1911 | D:3      | Reached XP level 5. HP: 16/42 MP: 5/5
  1911 | D:3      | Reached XP level 6. HP: 18/48 MP: 6/6
  2545 | D:4      | Reached skill level 6 in Long Blades
  2545 | D:4      | Reached XP level 7. HP: 50/55 MP: 7/7
  2621 | D:4      | Found a white marble altar of Elyvilon.
  2716 | D:4      | Found a basalt altar of Yredelemnul.
  2905 | D:5      | Entered Level 5 of the Dungeon
  3637 | D:3      | Noticed Sigmund
  3648 | D:3      | Killed Sigmund
  3649 | D:3      | Reached skill level 5 in Fighting
  3649 | D:3      | Reached skill level 7 in Long Blades
  3649 | D:3      | Reached XP level 8. HP: 38/62 MP: 8/8
  3736 | D:3      | Found an ancient bone altar of Kikubaaqudgha.
  3737 | D:3      | Found a stormy altar of Qazlal.
  4440 | D:5      | Found a glowing golden altar of the Shining One.
  4440 | D:5      | Found an opulent altar of Gozag.
  5207 | D:6      | Reached skill level 5 in Dodging
  5310 | D:6      | Reached skill level 8 in Long Blades
  5456 | D:6      | Found an ornate altar of the Wu Jian Council.
  5465 | D:6      | Found a sacrificial altar of Ru.
  5700 | D:6      | Reached XP level 9. HP: 69/69 MP: 9/9
  6090 | D:6      | HP: 1/60 [wight/+2 hand axe (9)]
  6091 | D:6      | Slain by a wight

Illustrated notes

Levels and vault maps discovered:
D:1:      dpeg_arrival_lava_temple_mockup, layout_loops_ring, minmay_tall_x
D:2:      layout_basic, minmay_splitting_lines, minmay_bisected
D:3:      layout_basic, mainiacjoe_overflow_divided_tiny,
          lightli_corner_chamber, uniq_grinder, uniq_sigmund
D:4:      layout_cave_pools, kennysheep_ying_yang, minivault_1
D:5:      layout_rooms, gammafunk_temple_overflow_pools,
          minmay_misc_feat_more_columns
D:6:      layout_layer_cave, mainiacjoe_overflow_swirl,
          kennysheep_cluttered_room

Skill      XL: |  1  2  3  4  5  6  7  8 |
---------------+-------------------------+-----
Long Blades    | 4 5 6 7 8 |  8.7
Dodging        | 3 4 5 |  5.5
Fighting       | 4 5 6 |  6.0

Action                     |  1- 3 |  4- 6 |  7- 9 || total
---------------------------+-------+-------+-------++-------
  Melee: Falchion          |    96 |   113 |   244 ||   453
  Throw: Dart              |       |     1 |       ||     1
         Stone             |       |    14 |       ||    14
Ability: Dig               |     1 |       |     1 ||     2
    Use: Potion            |       |     1 |     4 ||     5
   Stab: Distracted        |       |     1 |       ||     1
 Armour: Robe              |    56 |    14 |       ||    70
         Leather armour    |       |    41 |   134 ||   175
  Dodge: Dodged            |    67 |    67 |   145 ||   279

Table legend: (Time is in decaauts)
 A = Elapsed time spent in this place.
 B = Non-inter-level travel time spent in this place.
 C = Inter-level travel time spent in this place.
 D = Time resting spent in this place.
 E = Time spent auto-exploring this place.
 F = Levels seen in this place.
 G = Mean time per level.
                   A        B        C        D        E       F      G
               +--------+--------+--------+--------+--------+-----+--------+
         Total |   6096 |   5917 |    179 |    238 |   4668 |   6 | 1016.0 |
       Dungeon |   6096 |   5917 |    179 |    238 |   4668 |   6 | 1016.0 |
               +--------+--------+--------+--------+--------+-----+--------+

Top non-repeatable levels by time:
     D:3: 1527 daAuts
     D:6: 1201 daAuts
     D:1: 995 daAuts
     D:2: 868 daAuts
     D:4: 855 daAuts
     D:5: 648 daAuts
